 Dungeon Crawl Stone Soup version 0.22.0-6-g71bd7aa6b3 (webtiles) character file.

60 Rerark the Chopper (level 3, -3/28 HPs)
             Began as a Demonspawn Gladiator on Aug 14, 2018.
             Slain by a gnoll
             ... wielding a +0 halberd
              (11 damage)
             ... on level 2 of the Dungeon.
             The game lasted 00:05:12 (1324 turns).

Rerark the Chopper (Demonspawn Gladiator)           Turns: 1324, Time: 00:05:14

Health: -3/28      AC: 10    Str: 15    XL:     3   Next: 80%
Magic:  3/3        EV:  7    Int:  9    God:
Gold:   147        SH:  0    Dex: 14    Spells: 2/2 levels left

rFire    . . .     SeeInvis .   a - +0 war axe
rCold    . . .     Gourm    .   (no shield)
rNeg     . . .     Faith    .   o - +0 chain mail
rPois    .         Spirit   .   c - +0 helmet
rElec    .         Reflect  .   (no cloak)
rCorr    .         Harm     .   (no gloves)
MR       .....                  (no boots)
Stlth    ..........             (no amulet)
HPRegen  0.09/turn              g - ring of stealth
MPRegen  0.08/turn              (no ring)

@: no status effects
A: hooves 1, rugged brown scales 1
a: no special abilities


You were on level 2 of the Dungeon.
You were not hungry.

You visited 1 branch of the dungeon, and saw 2 of its levels.

You collected 147 gold pieces.

Inventory:

Hand Weapons
 a - a +0 war axe (weapon)
 e - a +0 short sword
 n - a +0 hand axe
Missiles
 d - 3 throwing nets (quivered)
Armour
 b - a +0 leather armour
 c - a +0 helmet (worn)
 o - a +0 chain mail (worn)
Jewellery
 g - a ring of stealth (left hand)
Scrolls
 i - a scroll of fear {unknown}
 k - a scroll of enchant armour {unknown}
 m - 3 scrolls of magic mapping {unknown}
 q - 2 scrolls of identify {unknown}
Potions
 h - 2 potions of might {unknown}
 j - a potion of lignification {unknown}
 l - a potion of haste {unknown}
 p - 4 potions of flight {unknown}
Comestibles
 f - 3 rations


   Skills:
 + Level 2.4 Fighting
 * Level 3.5 Axes
 + Level 1.8 Throwing
 + Level 0.3 Armour
 + Level 3.2 Dodging
 + Level 0.4 Stealth


You had 2 spell levels left.
You didn't know any spells.
Your spell library was empty.

Dungeon Overview and Level Annotations

Branches:
Dungeon (2/15)

Altars:
Kikubaaqudgha


Innate Abilities, Weirdness & Mutations

You have large cloven feet.
You are partially covered in rugged brown scales. (AC +1, +3% HP)


Message History

You hit the gnoll. Your kick misses the gnoll.
The gnoll is moderately wounded.
The frilled lizard bites the withered plant but does no damage.
The gnoll hits you.
Something hits the withered plant.
The gnoll hits you from afar with a halberd.
* * * LOW HITPOINT WARNING * * *
The frilled lizard bites the withered plant.
The gnoll hits you but does no damage.
You hit the gnoll but do no damage.
The gnoll is moderately wounded.
Something hits the withered plant.
The gnoll hits you but does no damage.
The frilled lizard bites the withered plant but does no damage.
The gnoll barely misses you.
You hit the gnoll.
The gnoll is severely wounded.
Something hits the withered plant!
The frilled lizard bites the withered plant but does no damage.
The gnoll closely misses you.
The gnoll hits you from afar with a halberd!
You die...

...## ##......##
###.###........#.#
..#.######..#.#
..### #..#.# ..#
#..#.# ..# #..#.#
..# #..#.# ..#
#..#.# #..#@#
###..#g#######
####....g†.......
........lP†.......
####......###..###
#......#.#.##
#........# #
#P...#....#
#....##.._.#


You could see 2 gnolls and a frilled lizard.

Vanquished Creatures
  Terence (D:2)
  An ooze (D:2)
  A leopard gecko (D:2)
  A ball python (D:1)
  6 bats
  2 giant cockroaches (D:2)
  A goblin (D:1)
  7 hobgoblins (D:1)
  A quokka (D:2)
  2 frilled lizards
  4 rats
27 creatures vanquished.

Notes
Turn   | Place    | Note
-------+----------+-------------------------------------------
     0 | D:1      | Rerark the Demonspawn Gladiator began the quest for the Orb.
     0 | D:1      | Reached XP level 1. HP: 16/16 MP: 1/1
   200 | D:1      | Gained mutation: You are partially covered in rugged brown scales. (AC +1, +3% HP) [demonic ancestry]
   200 | D:1      | Reached XP level 2. HP: 10/22 MP: 2/2
   985 | D:2      | Noticed Terence
   997 | D:2      | Killed Terence
   997 | D:2      | Gained mutation: You have large cloven feet. [demonic ancestry]
   997 | D:2      | Reached XP level 3. HP: 6/28 MP: 3/3
  1284 | D:2      | Found an ancient bone altar of Kikubaaqudgha.
  1324 | D:2      | Slain by a gnoll

Skill      XL: |  1  2 |
---------------+-------+-----
Axes           | 3 |  3.5
Dodging        | 3 |  3.2
Fighting       | |  2.4
Throwing       | |  1.8
Armour         | |  0.3
Stealth        | |  0.4

Action                   || total
-------------------------++-------
Melee: War axe           ||    85
       Kick              ||     2
  Use: Scroll            ||     1
 Stab: Sleeping          ||     3
  Eat: Chunk             ||     1
Armor: Leather armour    ||    28
       Chain mail        ||    14
Dodge: Dodged            ||    78
